 Dungeon Crawl Stone Soup version 0.23.0 (webtiles) character file.

Game seed: 8851075680993397408

84 Fliddo the Ruffian (level 4, -10/44 HPs)
             Began as a Troll Monk on Feb 9, 2019.
             Was a Believer of Wu Jian.
             Killed by nerve-wracking pain
             ... invoked by an orc priest
              (14 damage)
             ... on level 3 of the Dungeon.
             The game lasted 00:06:40 (1507 turns).

Fliddo the Ruffian (Troll Monk)                     Turns: 1507, Time: 00:06:41

Health: -10/44     AC:  7    Str: 17 (20) XL:     4   Next: 23%
Magic:  3/3        EV: 10    Int:  5 (6)  God:    Wu Jian [**....]
Gold:   170        SH:  0    Dex: 11 (12) Spells: 3/3 levels left

rFire    . . .     SeeInvis .     - Unarmed
rCold    . . .     Gourm    +   (no shield)
rNeg     . . .     Faith    .   a - +0 robe
rPois    .         Spirit   .   (helmet restricted)
rElec    .         Reflect  .   l - +0 cloak
rCorr    .         Harm     .   (gloves unavailable)
MR       .....                  (boots unavailable)
Stlth    +.........             (no amulet)
HPRegen  0.54/turn              (no ring)
MPRegen  0.08/turn              (no ring)

@: very slightly contaminated
A: large, unfitting armour, claws 3, fast metabolism 3, gourmand, regeneration
1, shaggy fur 1, tough skin 3
a: Wall Jump, Renounce Religion


You were on level 3 of the Dungeon.
You worshipped Wu Jian.
Wu Jian was pleased with you.
You were completely stuffed.

You visited 1 branch of the dungeon, and saw 3 of its levels.

You collected 170 gold pieces.

Inventory:

Armour
 a - a +0 robe (worn)
 l - a +0 cloak (worn)
Jewellery
 o - an uncursed ring of resist corrosion {unknown}
 r - an uncursed amulet of faith {unknown}
 t - an uncursed ring of see invisible {unknown}
Scrolls
 e - 3 scrolls of teleportation {unknown}
 f - 2 scrolls of fear {unknown}
 g - a scroll of remove curse {unknown}
 j - 4 scrolls of immolation {unknown}
 k - a scroll of amnesia {unknown}
 m - a scroll of fog {unknown}
 n - a scroll of identify {unknown}
Potions
 h - a potion of might {unknown}
 i - a potion of haste {unknown}
 p - a potion of berserk rage {unknown}
 s - a potion of flight {unknown}
 u - a potion of lignification {unknown}
Comestibles
 b - 2 rations
 q - 2 chunks of flesh


   Skills:
 + Level 2.5 Fighting
 + Level 2.5 Dodging
 - Level 1.0 Stealth
 - Level 5.0 Unarmed Combat


You had 3 spell levels left.
You didn't know any spells.
Your spell library contained the following spells:

 Spells                   Type           Power        Failure   Level  Hunger
 Animate Skeleton         Necr           N/A          47%         1    ##.....
 Apportation              Tloc           #.....       47%         1    ##.....
 Confusing Touch          Hex            #.....       47%         1    ##.....
 Summon Small Mammal      Summ           #...         47%         1    ##.....


Dungeon Overview and Level Annotations

Branches:
Dungeon (3/15)

Altars:
Sif Muna
Wu Jian


Innate Abilities, Weirdness & Mutations

You are too large for most types of armour.
You have claws for hands.
Your metabolism is lightning-fast.
You like to eat raw meat.
Your natural rate of healing is unusually fast.
You are covered in fur. (AC +1)
You have extremely tough skin. (AC +3)


Message History

An orcish idol.
The quokka bites you but does no damage.
Blink to where?
Press: ? - help, Dir - move target cursor You are very lightly contaminated with residual magic.
As you read the scroll labeled ZOUMYNUOPN, it crumbles to dust.
It was a scroll of blinking.
The orc priest hits you but does no damage.
You scratch the orc priest.
The orc priest is moderately wounded.
The orc priest hits you but does no damage.
The orc hits you but does no damage.
You barely miss the orc priest.
The orc priest is moderately wounded.
The orc priest hits you with a +0 whip.
* * * LOW HITPOINT WARNING * * *
The orc hits you but does no damage.
The orc priest calls down the wrath of Beogh upon you.
Pain shoots through your body!
You die...

##########..# #.# #..#
#..# #.# ##.# #..# #.# #.#
#..#####.# #.# #........#
##r# #.########## #.o#
#...........
.....8#o##################
#######o.@............#.#
#...#####.. ....#.# #...#
o..#.. #...##### .o#.#
###....[# #)#.#
##...o.#######.#.##
g.......)..............
#######....##.####.#.##
#....##.# #.#.#


You could see an orc priest and an orc.

Vanquished Creatures
  An adder (D:2)
  A shadow imp (D:3)
  2 oozes (D:1)
  2 worms (D:2)
  4 dart slugs
  3 leopard geckos
  An orc (D:3)
  5 bats
  A giant cockroach (D:1)
  3 goblins
  5 hobgoblins
  A ball python (D:1)
  5 frilled lizards
  6 kobolds
  7 rats
47 creatures vanquished.

Notes
Turn   | Place    | Note
-------+----------+-------------------------------------------
     0 | D:1      | Fliddo the Troll Monk began the quest for the Orb.
     0 | D:1      | Reached XP level 1. HP: 22/22 MP: 0/0
   118 | D:1      | Reached XP level 2. HP: 29/29 MP: 1/1
   291 | D:1      | Reached skill level 4 in Unarmed Combat
   480 | D:2      | Reached XP level 3. HP: 18/36 MP: 2/2
   801 | D:2      | Found an ornate altar of the Wu Jian Council.
   805 | D:2      | Became a worshipper of the Wu Jian Council
   805 | D:2      | Reached * piety under Wu Jian
   805 | D:2      | Reached ** piety under Wu Jian
  1245 | D:3      | Found a deep blue altar of Sif Muna.
  1257 | D:3      | Reached XP level 4. HP: 44/44 MP: 3/3
  1299 | D:3      | Reached skill level 5 in Unarmed Combat
  1492 | D:3      | HP: 1/44 [orc priest/divine providence (9)]
  1507 | D:3      | Killed from afar by an orc priest

Skill      XL: |  1  2  3  4 |
---------------+-------------+-----
Unarmed Combat | 4 5 |  5.0
Fighting       | |  2.5
Dodging        | |  2.5
Stealth        | |  1.0

Action                   |  1- 3 |  4- 6 || total
-------------------------+-------+-------++-------
Melee: Unarmed           |    88 |    14 ||   102
       Punch             |     2 |     1 ||     3
Invok: Lunge             |     6 |     2 ||     8
       Whirlwind         |       |     2 ||     2
  Use: Scroll            |       |     1 ||     1
       Potion            |       |     1 ||     1
 Stab: Sleeping          |     1 |     1 ||     2
  Eat: Chunk             |    17 |     2 ||    19
Armor: Robe              |    27 |     5 ||    32
Dodge: Dodged            |    42 |     7 ||    49
